 Dungeon Crawl Stone Soup version 0.30-a0-779-g7971cf19c3 (console) character file.

Game seed: 10786268054580844070

11 Ignak the Ogre Mage (level 2, -1/26 HPs)
             Began as an Ogre Hedge Wizard on Feb 17, 2023.
             Slain by a jackal (2 damage)
             ... on level 1 of the Dungeon.
             The game lasted 00:00:58 (309 turns).

Ignak the Ogre Mage (Ogre Hedge Wizard)              Turns: 309, Time: 00:00:59

Health: -1/26      AC:  3    Str: 13    XL:     2   Next: 25%
Magic:  0/6        EV:  9    Int: 15    God:
Gold:   35         SH:  0    Dex:  8    Spells: 7/8 levels left

rFire   . . .      SeeInvis .    a - +0 hand axe
rCold   . . .      Faith    .    (no shield)
rNeg    . . .      Spirit   .    b - +0 robe
rPois   .          Reflect  .    c - +0 hat
rElec   .          Harm     .    (no cloak)
rCorr   .          Rampage  .    (gloves unavailable)
Will    .....                    (boots unavailable)
Stlth   +                        (no amulet)
HPRegen 0.24/turn                (no ring)
MPRegen 0.10/turn                (no ring)

@: no status effects
A: large, unfitting armour, tough skin 1
a: no special abilities


You were on level 1 of the Dungeon.
You visited 1 branch of the dungeon, and saw 1 of its levels.

You collected 35 gold pieces.

Inventory:

Hand Weapons
 a - a +0 hand axe (weapon)
Armour
 b - a +0 robe (worn)
 c - a +0 hat (worn)
Potions
 d - a potion of magic


   Skills:
 + Level 0.7 Fighting
 + Level 0.3 Axes
 + Level 0.2 Armour
 + Level 1.9 Dodging
 - Level 1.4 Stealth
 + Level 3.7 Spellcasting
 + Level 1.0 Conjurations
 - Level 0.8 Summonings
 + Level 1.0 Translocations


You had 7 spell levels left.
You knew the following spells:

 Your Spells              Type           Power      Damage    Failure   Level
a - Magic Dart            Conj           24%        1d4       12%         1

Your spell library contained the following spells:

 Spells                   Type           Power      Damage    Failure   Level
 Slow                     Hex            8%         N/A       19%         1
 Blink                    Tloc           12%        N/A       19%         2
 Call Imp                 Summ           5%         N/A       21%         2
 Cigotuvi's Dreadful Rot  Necr/Pois/Air  4%         N/A       28%         2
 Mephitic Cloud           Conj/Pois/Air  3%         N/A       43%         3


Dungeon Overview and Level Annotations

Branches:
Dungeon (1/15)

Altars:
Ashenzari


Innate Abilities, Weirdness & Mutations

You are too large for most types of armour.
You have tough skin. (AC +1)


Message History

Aim: a jackal (100% to hit)
The magic dart hits the jackal.
The jackal is heavily wounded.
The jackal barely misses you.
Casting: Magic Dart (safe; 12% risk of failure)
Confirm with . or Enter, or press ? or * to list all spells.
Aiming: Magic Dart (safe; 12% risk of failure)
Press: ? - help, Shift-Dir - straight line, f/p - jackal
Aim: a jackal (heavily wounded, 100% to hit)
The magic dart hits the jackal but does no damage.
The jackal is heavily wounded.
The jackal bites you.
* * * LOW HITPOINT WARNING * * *
The jackal bites you.
* * * LOW HITPOINT WARNING * * *
Casting: Magic Dart (safe; 12% risk of failure)
Confirm with . or Enter, or press ? or * to list all spells.
Aiming: Magic Dart (safe; 12% risk of failure)
Press: ? - help, Shift-Dir - straight line, f/p - jackal
Aim: a jackal (heavily wounded, 100% to hit)
The magic dart hits the jackal but does no damage.
The jackal is heavily wounded.
The jackal bites you.
* * * LOW HITPOINT WARNING * * *
Aiming: Magic Dart (safe; 12% risk of failure)
Press: ? - help, Q - select action Shift-Dir - straight line, f/p - jackal
Aim: a jackal (heavily wounded, 100% to hit)
The magic dart hits the jackal.
The jackal is severely wounded.
The jackal bites you but does no damage.
Aiming: Magic Dart (safe; 12% risk of failure)
Press: ? - help, Q - select action Shift-Dir - straight line, f/p - jackal
Aim: a jackal (severely wounded, 100% to hit)
The magic dart hits the jackal.
You kill the jackal!
The jackal bites you but does no damage.
You hit the jackal.
The jackal is moderately wounded.
The jackal bites you.
You die...

.).#.###.# #.#
#.# #.#.[...#
#.# #.# #######
#.# #.# #.#
##.##########.#
#.#
#.............#
#.#
#............##
#.#
#.#.########.#
###.####.#.#
#..hh@...†.#
......####.#.#
###.# #.#.# #
#.#.## #....#
###..# ##..#
#...# ##.##


You could see 2 jackals.

Vanquished Creatures
  An endoplasm (D:1)
  A giant cockroach (D:1)
  A hobgoblin (D:1)
  2 jackals (D:1)
  A quokka (D:1)
  A ball python (D:1)
  A bat (D:1)
  2 rats (D:1)
10 creatures vanquished.

Notes
Turn   | Place    | Note
-------+----------+-------------------------------------------
     0 | D:1      | Ignak the Ogre Hedge Wizard began the quest for the Orb.
     0 | D:1      | Reached XP level 1. HP: 16/16 MP: 5/5
     2 | D:1      | Found a broken altar of Ashenzari.
   220 | D:1      | Reached skill level 1 in Conjurations
   220 | D:1      | Reached skill level 1 in Translocations
   264 | D:1      | Reached XP level 2. HP: 25/26 MP: 6/6
   305 | D:1      | HP: 1/26 [jackal (1)]
   309 | D:1      | Slain by a jackal

Illustrated notes

Levels and vault maps discovered:
D:1:      sevenhm_arrival_forest_fort_small_6, layout_loops_ring, serial_shops,
          shop, ebering_ecumenical_altar_rust, minmay_shallow_snake_nest

Skill      XL: |  1 |
---------------+----+-----
Conjurations   | 1 |  1.0
Translocations | 1 |  1.0
Fighting       | |  0.7
Axes           | |  0.3
Armour         | |  0.2
Dodging        | |  1.9
Stealth        | |  1.4
Spellcasting   | |  3.7
Summonings     | |  0.8

Action                     || total
---------------------------++-------
  Melee: Hand axe          ||    36
         Trident           ||     8
   Cast: Magic Dart        ||     6
 Armour: Robe              ||    32
  Dodge: Dodged            ||    20

Table legend: (Time is in decaauts)
 A = Elapsed time spent in this place.
 B = Non-inter-level travel time spent in this place.
 C = Inter-level travel time spent in this place.
 D = Time resting spent in this place.
 E = Time spent auto-exploring this place.
 F = Levels seen in this place.
 G = Mean time per level.
                   A        B        C        D        E       F      G
               +--------+--------+--------+--------+--------+-----+--------+
         Total |    320 |    320 |      0 |     24 |    152 |   1 |  320.0 |
       Dungeon |    320 |    320 |      0 |     24 |    152 |   1 |  320.0 |
               +--------+--------+--------+--------+--------+-----+--------+

Top non-repeatable levels by time:
     D:1: 320 daAuts
